AoeStats
← Shredded_Pork

Arena

509060488Analyzed
4v4 RM · 7d ago on Sep 25, 2026· 52m 44s· 8 players
Game mode
Random Map
Map size
Large (8 player)
Population
200
Speed
Normal
Resources
Standard
Victory
Conquest
Starting age
Dark Age
Ending age
Imperial Age
RankedLock teamsTeams togetherTeam positionsShared explorationLock speedFull tech treeHidden civsTurbo modeCheats
Victory
Defeat
🇧🇷 Magyars · Brazil
866
+13
🇨🇳 Celts · China
799
+15
🇸🇦 Mongols · Saudi Arabia
777
+16
🇨🇳 Britons · China
736
+18
🇩🇪 Britons · Germany
841
-18
🇳🇱 Franks · Netherlands
800
-16
🇨🇿 Teutons · Czechia
772
-15
🇨🇳 Byzantines · China
719
-13
xTc
10:31 Feudal Age
13:21 Double-Bit Axe
16:04 Castle Age
14:36 Horse Collar
14:49 Stone Mining
14:58 Gold Mining
22:55 Bow Saw
23:25 Gold Shaft Mining
33:05 Imperial Age
33:44 Stone Shaft Mining
33:23 Padded Archer Armor
33:13 Fletching
33:34 Forging
34:24 Heavy Plow
35:12 Capped Ram
37:23 Siege Ram
39:40 Wheelbarrow
44:38 Elite Mangudai
45:04 Elite Mangudai
46:26 Caravan
46:56 Coinage
49:21 Onager
50:46 Siege Onager
smoke
11:28 Feudal Age
12:23 Double-Bit Axe
18:26 Castle Age
20:02 Bow Saw
20:56 Wheelbarrow
20:27 Stone Mining
20:27 Gold Mining
23:45 Horse Collar
25:15 Fletching
27:27 Bodkin Arrow
27:33 Padded Archer Armor
29:20 Gold Shaft Mining
29:20 Yeomen
32:54 Imperial Age
30:46 Heavy Plow
31:29 Hand Cart
31:06 Loom
31:40 Leather Archer Armor
31:48 Ballistics
32:02 Town Watch
33:26 Elite Longbowman
35:13 Chemistry
34:17 Bracer
35:13 Ring Archer Armor
35:10 Town Patrol
35:27 Treadmill Crane
35:45 Murder Holes
36:42 Warwolf
37:04 Conscription
37:57 Warwolf
Nick76Luo
10:36 Feudal Age
15:04 Castle Age
12:52 Double-Bit Axe
12:48 Horse Collar
16:24 Bow Saw
19:48 Wheelbarrow
20:50 Heavy Plow
21:57 Stone Mining
22:41 Gold Mining
23:11 Hand Cart
25:03 Forging
24:54 Scale Mail Armor
25:56 Gold Shaft Mining
26:31 Fortified Wall
26:34 Masonry
29:06 Stone Shaft Mining
31:11 Imperial Age
28:37 Town Watch
28:37 Loom
29:28 Fletching
30:14 Iron Casting
29:54 Chain Mail Armor
29:39 Herbal Medicine
29:44 Devotion
30:06 Ballistics
29:43 Murder Holes
29:53 Caravan
30:39 Pikeman
31:04 Arson
31:17 Bodkin Arrow
31:59 Town Patrol
31:27 Halberdier
33:09 Blast Furnace
33:55 Plate Mail Armor
33:11 Capped Ram
33:12 Heavy Scorpion
34:42 Siege Ram
35:49 Furor Celtica
35:59 Conscription
36:36 Hoardings
39:06 Stronghold
39:37 Conscription
rivamestre
10:41 Feudal Age
15:39 Castle Age
14:10 Loom
15:21 Stone Mining
31:24 Horse Collar
34:04 Double-Bit Axe
37:16 Gold Mining
38:22 Fletching
38:33 Padded Archer Armor
38:59 Heavy Plow
40:41 Leather Archer Armor
40:22 Bodkin Arrow
43:06 Gold Shaft Mining
43:08 Elite Skirmisher
47:21 Imperial Age
46:01 Ballistics
46:39 Wheelbarrow
48:41 Scale Barding Armor
50:06 Hand Cart
50:09 Bow Saw
51:25 Chain Barding Armor
52:45 Husbandry
52:56 Bloodlines
52:08 Light Cavalry
[UBC] Lobo
0:58 Loom
10:26 Feudal Age
11:45 Wheelbarrow
10:58 Double-Bit Axe
11:03 Horse Collar
15:10 Stone Mining
15:11 Gold Mining
21:49 Castle Age
20:27 Fletching
20:47 Forging
20:48 Man-at-Arms
24:18 Stone Shaft Mining
25:23 Heavy Plow
26:10 Hand Cart
26:09 Bow Saw
27:19 Pikeman
29:16 Iron Casting
29:16 Fortified Wall
31:26 Fervor
31:38 Sanctity
35:00 Imperial Age
34:02 Squires
33:48 Arson
35:07 Bodkin Arrow
35:13 Scale Mail Armor
35:19 Scale Barding Armor
35:15 Padded Archer Armor
34:40 Elite Skirmisher
35:33 Bloodlines
36:08 Conscription
36:21 Masonry
37:12 Chemistry
37:07 Halberdier
37:14 Heavy Mounted Crossbowman
37:48 Cavalier
40:18 Blast Furnace
41:33 Illumination
42:34 Hoardings
42:22 Chain Barding Armor
45:05 Heavy Scorpion
48:04 Guilds
49:56 Two-Man Saw
49:22 Redemption
Shredded_Pork
10:49 Feudal Age
11:57 Double-Bit Axe
11:54 Horse Collar
19:39 Castle Age
18:19 Stone Mining
18:20 Gold Mining
20:53 Heavy Plow
21:06 Bow Saw
22:05 Stone Shaft Mining
22:05 Gold Shaft Mining
32:26 Imperial Age
31:03 Wheelbarrow
31:26 Forging
31:16 Scale Mail Armor
31:22 Scale Barding Armor
31:08 Fletching
31:19 Padded Archer Armor
32:27 Hand Cart
32:48 Husbandry
32:09 Light Cavalry
33:16 Chain Mail Armor
33:36 Iron Casting
33:03 Padded Archer Armor
34:08 Chemistry
33:34 Conscription
34:14 Crop Rotation
34:49 Two-Man Saw
34:15 Chain Barding Armor
33:22 Elite Skirmisher
33:46 Cavalier
34:04 Hussar
35:27 Squires
40:43 Plate Mail Armor
40:48 Plate Barding Armor
40:29 Leather Archer Armor
40:09 Bodkin Arrow
44:42 Bracer
45:12 Ring Archer Armor
44:43 Paladin
49:22 Onager
50:55 Caravan
Pega Menis
12:10 Feudal Age
12:40 Horse Collar
12:49 Double-Bit Axe
17:46 Gold Mining
17:49 Stone Mining
20:21 Castle Age
22:08 Bow Saw
21:33 Crossbowman
22:06 Fletching
23:15 Ballistics
23:39 Bodkin Arrow
24:33 Wheelbarrow
25:25 Gold Shaft Mining
26:35 Hand Cart
27:23 Heavy Plow
30:24 Padded Archer Armor
36:02 Imperial Age
33:05 Elite Skirmisher
36:28 Arbalester
37:25 Bracer
40:26 Leather Archer Armor
40:20 Siege Engineers
41:58 Chemistry
41:54 Ring Archer Armor
51:09 Two-Man Saw
TEAM MBG
0:26 Loom
11:28 Feudal Age
12:48 Wheelbarrow
12:02 Double-Bit Axe
19:43 Castle Age
18:48 Fletching
23:37 Bow Saw
24:14 Hand Cart
25:35 Bodkin Arrow
27:01 Gold Mining
27:32 Murder Holes
30:51 Gold Shaft Mining
30:10 Stone Mining
35:49 Ordonnance Companies
39:52 Imperial Age
38:58 Padded Archer Armor
40:49 Town Watch
42:02 Leather Archer Armor
41:53 Scale Barding Armor
42:50 Cranequins
44:03 Chain Barding Armor
43:53 Forging
45:56 Heavy Mounted Crossbowman
49:06 Plate Barding Armor
49:07 Iron Casting
48:51 Husbandry
Connection lost

Rejoining the realm…

Still unreachable

The connection could not be restored.

Session expired

The server has moved on; the page needs a fresh start.